 Dungeon Crawl Stone Soup version 0.30-a0-1114-gd936c97349 (webtiles) character file.

Game seed: 7904272678413654891

28 hwolsky the Shield-Bearer (level 2, -3/27 HPs)
             Began as a Minotaur Fighter on Apr 20, 2023.
             Slain by a kobold
             ... wielding a +2 short sword of electrocution
              (11 damage)
             ... on level 1 of the Dungeon.
             The game lasted 00:01:38 (415 turns).

hwolsky the Shield-Bearer (Minotaur Fighter)         Turns: 415, Time: 00:01:39

Health: -3/27      AC: 10    Str: 20    XL:     2   Next: 96%
Magic:  1/1        EV:  9    Int:  5    God:
Gold:   58         SH:  4    Dex:  9    Spells: 1/1 levels left

rFire   . . .      SeeInvis .    a - +0 war axe (flame)
rCold   . . .      Faith    .    c - +0 buckler
rNeg    . . .      Spirit   .    b - +0 scale mail
rPois   .          Reflect  .    (helmet restricted)
rElec   .          Rampage  .    (no cloak)
rCorr   .                        (no gloves)
Will    .....                    f - +2 pair of boots Stlth
                                 (no amulet)
HPRegen 0.24/turn                (no ring)
MPRegen 0.07/turn                (no ring)

@: no status effects
A: horns 2, retaliatory headbutt
a: no special abilities


You were on level 1 of the Dungeon.
You visited 1 branch of the dungeon, and saw 1 of its levels.

You collected 58 gold pieces.

Inventory:

Hand Weapons
 a - a +0 war axe of flaming (weapon)
Armour
 b - a +0 scale mail (worn)
 c - a +0 buckler (worn)
 f - a +2 pair of boots (worn)
Scrolls
 g - 2 scrolls of fog
 h - a scroll of summoning {unknown}
 i - a scroll of enchant armour {unknown}
Potions
 d - a potion of might
 e - a potion of attraction {unknown}


   Skills:
 + Level 4.0 Fighting
 * Level 3.1 Axes
 + Level 4.0 Armour
 + Level 4.0 Shields


You had one spell level left.
You didn't know any spells.
Your spell library was empty.

Dungeon Overview and Level Annotations

Branches:
Dungeon (1/15)

Altars:


Innate Abilities, Weirdness & Mutations

You have a pair of horns on your head.
You reflexively headbutt those who attack you in melee.


Message History

A goblin is nearby!
The goblin barely misses you. The goblin hits you but does no damage.
You closely miss the goblin. Your headbutt misses the goblin.
The goblin hits you but does no damage. You block the goblin's attack.
You barely miss the goblin.
You headbutt the goblin, but do no damage.
The goblin hits you but does no damage.
You slash the goblin! You burn the goblin.
You kill the goblin!
You see here a +0 dagger.
i - a scroll labelled VAELIN MUOSEPEGH 2 endoplasms come into view.
The endoplasm quivers. x2
There are monsters nearby!
An endoplasm and a kobold come into view.
The kobold is wielding a +2 short sword of electrocution.
The endoplasm quivers.
The kobold shouts!
The endoplasm freezes you.
You are frozen.
You hit the endoplasm. You burn the endoplasm.
You kill the endoplasm!
You hit the endoplasm. You burn the endoplasm.
You kill the endoplasm!
Your Fighting skill increases to level 4!
Your Armour skill increases to level 4!
Your Shields skill increases to level 4!
You block the endoplasm's attack. The kobold hits you but does no damage.
You hit the endoplasm. You burn the endoplasm.
You kill the endoplasm!
You hit the kobold but do no damage. The kobold hits you but does no damage.
The kobold closely misses you. The kobold hits you but does no damage.
The kobold hits you but does no damage.
You are electrocuted!!
Ouch! That really hurt!
* * * LOW HITPOINT WARNING * * *
You barely miss the kobold. The kobold hits you but does no damage.
You are electrocuted!
You die...

......#.# ###.......#
...### ......#.#
###.........# #.....
......#.# #...#.#.###.#
#.... ........#
##.###...###.# ##....
......### #............#
...... ......#
#............ #..##
......### #............
..# # ........#
#...K........ #####
........# #...@.......#
#..
........................
#.#
........######..........
# ....#...# #..........
........# ####..###..
....#)..# ... #
....#...# ..## ....#####
..#


You could see a kobold.

Vanquished Creatures
  A bat (D:1)
  5 endoplasms (D:1)
  2 giant cockroaches (D:1)
  3 goblins (D:1)
  4 hobgoblins (D:1)
  2 jackals (D:1)
  A ball python (D:1)
  2 frilled lizards (D:1)
  A kobold (D:1)
  2 rats (D:1)
23 creatures vanquished.

Notes
Turn   | Place    | Note
-------+----------+-------------------------------------------
     0 | D:1      | hwolsky the Minotaur Fighter began the quest for the Orb.
     0 | D:1      | Reached XP level 1. HP: 19/19 MP: 0/0
   155 | D:1      | Reached XP level 2. HP: 27/27 MP: 1/1
   415 | D:1      | Slain by a kobold

Illustrated notes

Levels and vault maps discovered:
D:1:      dpeg_arrival_round_b, layout_rooms, nrook_mini_vaults

Skill      XL: |  1  2 |
---------------+-------+-----
Axes           | 3 |  3.1
Fighting       | 4 |  4.0
Armour         | 4 |  4.0
Shields        | 4 |  4.0

Action                     || total
---------------------------++-------
  Melee: War axe           ||    32
         Headbutt          ||     4
    Use: Scroll            ||     5
 Armour: Scale mail        ||    24
  Dodge: Dodged            ||    21
  Block: Buckler           ||    13

Table legend: (Time is in decaauts)
 A = Elapsed time spent in this place.
 B = Non-inter-level travel time spent in this place.
 C = Inter-level travel time spent in this place.
 D = Time resting spent in this place.
 E = Time spent auto-exploring this place.
 F = Levels seen in this place.
 G = Mean time per level.
                   A        B        C        D        E       F      G
               +--------+--------+--------+--------+--------+-----+--------+
         Total |    427 |    427 |      0 |      0 |    183 |   1 |  427.0 |
       Dungeon |    427 |    427 |      0 |      0 |    183 |   1 |  427.0 |
               +--------+--------+--------+--------+--------+-----+--------+

Top non-repeatable levels by time:
     D:1: 427 daAuts
